[Event "ICC tourney 2356 (30 5)"]
[Site "Internet Chess Club"]
[Date "2021.01.30"]
[Round "1"]
[White "SpaceBorg"]
[Black "SAanjyu"]
[Result "0-1"]
[ICCResult "White resigns"]
[WhiteElo "800"]
[BlackElo "1125"]
[Opening "Sicilian"]
[ECO "B54"]
[NIC "SI.01"]
[Time "10:20:53"]
[PlyCount "24"]
[TimeControl "1800+5"]

1. e4 c5 2. Nf3 d6 3. d4 cxd4 4. Nxd4 a6 5. Nc3 b5 6. Bf4 e5 7. Qf3 exf4 8.
Qxf4 Nf6 9. e5 dxe5 10. Qxe5+ Be7 11. Nf5 Nc6 12. Qe4 Nxe4 { White resigns
} 0-1

[Event "ICC tourney 2356 (30 5)"]
[Site "Internet Chess Club"]
[Date "2021.01.30"]
[Round "1"]
[White "LionsDavidS"]
[Black "BPNPanther"]
[Result "1-0"]
[ICCResult "Black checkmated"]
[WhiteElo "1304"]
[BlackElo "984"]
[Opening "QGD: Marshall defense"]
[ECO "D06"]
[NIC "QP.08"]
[Time "10:20:48"]
[PlyCount "55"]
[TimeControl "1800+5"]

1. d4 d5 2. c4 Nf6 3. Nc3 Be6 4. e3 dxc4 5. Nf3 Bd5 6. Nxd5 Qxd5 7. Qa4+
Nc6 8. Bxc4 Qg5 9. Nxg5 O-O-O 10. Nxf7 Rd7 11. Be6 Rg8 12. Bxd7+ Kxd7 13.
Ne5+ Kd6 14. f4 Nxe5 15. fxe5+ Ke6 16. exf6 exf6 17. Qc4+ Ke7 18. Qxg8 Kd6
19. Qxf8+ Kd7 20. O-O c6 21. e4 g5 22. e5 fxe5 23. Rf7+ Ke6 24. Qe7+ Kd5
25. Qxe5+ Kc4 26. Qc5+ Kd3 27. Re7 b6 28. Qc3# { Black checkmated } 1-0

[Event "ICC tourney 2356 (30 5)"]
[Site "Internet Chess Club"]
[Date "2021.01.30"]
[Round "1"]
[White "SALucasJ"]
[Black "SPBrain"]
[Result "0-1"]
[ICCResult "White checkmated"]
[WhiteElo "1003"]
[BlackElo "1342"]
[Opening "Vienna game"]
[ECO "C28"]
[NIC "VG.02"]
[Time "10:21:00"]
[PlyCount "52"]
[TimeControl "1800+5"]

1. e4 e5 2. Bc4 Nf6 3. Nc3 Nc6 4. d3 d6 5. f4 exf4 6. Bxf4 Be7 7. Nf3 Be6
8. Bxe6 fxe6 9. h3 e5 10. Bg5 O-O 11. g4 h6 12. Bh4 d5 13. Bxf6 Bxf6 14.
Nxd5 Bh4+ 15. Nxh4 Qxh4+ 16. Kd2 Qg5+ 17. Kc3 Nd4 18. Qd2 Qd8 19. b3 c6 20.
Ne3 Qa5+ 21. b4 Qa3+ 22. Kc4 b5+ 23. Kc5 Qa6 24. Kd6 Rfe8 25. Qc3 Rad8+ 26.
Kc5 Qb6# { White checkmated } 0-1

[Event "ICC tourney 2356 (30 5)"]
[Site "Internet Chess Club"]
[Date "2021.01.30"]
[Round "1"]
[White "masterviraj"]
[Black "AndychessSohn"]
[Result "0-1"]
[ICCResult "White checkmated"]
[WhiteElo "660"]
[BlackElo "1105"]
[Opening "Sicilian"]
[ECO "B50"]
[NIC "SI.01"]
[Time "10:21:31"]
[PlyCount "174"]
[TimeControl "1800+5"]

1. e4 c5 2. Nf3 d6 3. Nc3 Nf6 4. Bc4 e6 5. d3 Be7 6. Bg5 O-O 7. Bxf6 Bxf6
8. O-O Nc6 9. Qd2 h6 10. Bb5 a6 11. Bxc6 bxc6 12. Rfe1 d5 13. e5 Be7 14. d4
cxd4 15. Qxd4 c5 16. Qd2 Bb7 17. Ne2 d4 18. Ng3 Bxf3 19. gxf3 Qd5 20. Qf4
Bg5 21. Qe4 Qxe4 22. Nxe4 Rac8 23. b3 c4 24. bxc4 Rxc4 25. Nxg5 hxg5 26.
Rac1 Rfc8 27. Re2 d3 28. Rd2 dxc2 29. Kf1 Rf4 30. Ke2 Rh4 31. Rcxc2 Rxc2
32. Rxc2 Rxh2 33. Rc6 a5 34. Ra6 Rh4 35. Rxa5 Rb4 36. Ra8+ Kh7 37. Kf1 Rb1+
38. Kg2 Kg6 39. a4 Kf5 40. a5 Ra1 41. a6 Kxe5 42. a7 Kf4 43. Rf8 Rxa7 44.
Rg8 f6 45. Re8 e5 46. Rc8 Ra3 47. Rc4+ Kf5 48. Rg4 Kg6 49. Re4 Ra5 50. Rc4
Rd5 51. Rg4 f5 52. Rb4 g4 53. Rb6+ Kg5 54. fxg4 fxg4 55. Rb8 g6 56. Rf8 Rd2
57. Re8 Re2 58. Re7 e4 59. Re5+ Kf4 60. Re8 e3 61. Rf8+ Kg5 62. Re8 Rxf2+
63. Kg1 Kf4 64. Rf8+ Kg3 65. Re8 e2 66. Re3+ Rf3 67. Rxe2 Kf4 68. Ra2 Rg3+
69. Kf1 Rf3+ 70. Ke2 Kg3 71. Ra1 Kg2 72. Ke1 Rf1+ 73. Kd2 Rxa1 74. Ke2 g3
75. Ke3 Kh2 76. Kf3 g2 77. Ke2 g1=Q 78. Kd2 Qg2+ 79. Ke3 Ra3+ 80. Kd4 Qg4+
81. Kc5 Ra5+ 82. Kb6 Qb4+ 83. Kc6 Qc5+ 84. Kd7 Ra6 85. Ke8 Qc7 86. Kf8 Qd7
87. Kg8 Ra8# { White checkmated } 0-1

[Event "ICC tourney 2356 (30 5)"]
[Site "Internet Chess Club"]
[Date "2021.01.30"]
[Round "1"]
[White "HYNoahAlexaderB"]
[Black "SABHHMischler"]
[Result "1/2-1/2"]
[ICCResult "Black stalemated"]
[WhiteElo "1098"]
[BlackElo "657"]
[Opening "English opening"]
[ECO "A20"]
[NIC "EO.24"]
[Time "10:21:25"]
[PlyCount "111"]
[TimeControl "1800+5"]

1. c4 e5 2. g3 Nf6 3. Bg2 d5 4. cxd5 Nxd5 5. Nc3 Nxc3 6. bxc3 Nc6 7. Nf3
Bd6 8. O-O O-O 9. d4 exd4 10. Nxd4 Nxd4 11. cxd4 Re8 12. e3 c6 13. Qc2 Be6
14. Bb2 Qd7 15. Qc3 Rad8 16. d5 f6 17. dxe6 Qxe6 18. Rfd1 Be5 19. Qc2 Bxb2
20. Qxb2 Rxd1+ 21. Rxd1 b6 22. Qb3 Qxb3 23. axb3 Rc8 24. Rd7 a5 25. Rb7 b5
26. Ra7 c5 27. Rxa5 b4 28. Bh3 Rc7 29. Be6+ Kf8 30. Ra8+ Ke7 31. Bc4 Kd6
32. Rh8 h6 33. Kg2 Ke5 34. Kf3 f5 35. Re8+ Kf6 36. Kf4 g5+ 37. Kf3 g4+ 38.
Kf4 Rg7 39. Re6+ Kf7 40. Rxh6+ Ke7 41. Kxf5 Kd7 42. Rh4 Kd6 43. Rxg4 Rxg4
44. Kxg4 Ke5 45. f4+ Ke4 46. f5 Kxe3 47. f6 Ke4 48. f7 Kd4 49. f8=Q Kc3 50.
Qxc5 Kb2 51. Qxb4 Kc2 52. h4 Kd1 53. Qa3 Kd2 54. Qb2+ Ke3 55. Qc3+ Ke4 56.
h5 { Black stalemated } 1/2-1/2

[Event "ICC tourney 2356 (30 5)"]
[Site "Internet Chess Club"]
[Date "2021.01.30"]
[Round "1"]
[White "adlerbe"]
[Black "Oliver1004"]
[Result "0-1"]
[ICCResult "White checkmated"]
[WhiteElo "1028"]
[BlackElo "565"]
[Opening "QGD Slav defense"]
[ECO "D10"]
[NIC "SL.01"]
[Time "10:21:31"]
[PlyCount "60"]
[TimeControl "1800+5"]

1. d4 d5 2. c4 c6 3. Nc3 Nf6 4. Bf4 Bf5 5. e3 e6 6. Nf3 Nbd7 7. Be2 Bb4 8.
O-O Ne4 9. Nxe4 dxe4 10. Nh4 Qxh4 11. Qb3 Be7 12. Qxb7 Rd8 13. g3 Qh3 14.
Rfd1 Bg4 15. Bf1 Qh5 16. Re1 O-O 17. Qb3 Bf3 18. h3 Nf6 19. Bg2 h6 20. Qb7
Bd6 21. Bxd6 Rxd6 22. Qxa7 c5 23. dxc5 Rd2 24. b4 Bxg2 25. h4 Qf3 26. Rf1
Bxf1 27. Rxf1 Ng4 28. Qc7 Rxf2 29. Rxf2 Qxf2+ 30. Kh1 Qh2# { White
checkmated } 0-1

[Event "ICC tourney 2356 (30 5)"]
[Site "Internet Chess Club"]
[Date "2021.01.30"]
[Round "1"]
[White "NTH2011"]
[Black "wileyhowe"]
[Result "1-0"]
[ICCResult "Black checkmated"]
[WhiteElo "1118"]
[BlackElo "771"]
[Opening "Giuoco Piano: four knights variation"]
[ECO "C50"]
[NIC "IG.02"]
[Time "10:21:01"]
[PlyCount "57"]
[TimeControl "1800+5"]

1. e4 e5 2. Nf3 Nc6 3. Bc4 Bc5 4. Nc3 Nf6 5. O-O O-O 6. d3 h6 7. a3 d6 8.
Na4 Bg4 9. c3 a6 10. Nxc5 dxc5 11. Be3 b6 12. h3 Bh5 13. Kh2 Qd6 14. Rg1 b5
15. Ba2 Kh8 16. g4 Bg6 17. Nh4 Bh7 18. Nf5 Bxf5 19. gxf5 Rfd8 20. Qb3 Rd7
21. Rad1 a5 22. Qc2 a4 23. Qd2 Ra7 24. Bxh6 Qf8 25. Bxg7+ Qxg7 26. Rxg7
Kxg7 27. Qg5+ Kf8 28. Qxf6 Rd6 29. Qxf7# { Black checkmated } 1-0

[Event "ICC tourney 2356 (30 5)"]
[Site "Internet Chess Club"]
[Date "2021.01.30"]
[Round "1"]
[White "RohanL"]
[Black "Leor2011"]
[Result "1-0"]
[ICCResult "Black resigns"]
[WhiteElo "1120"]
[BlackElo "785"]
[Opening "Vienna gambit"]
[ECO "C29"]
[NIC "VG.04"]
[Time "10:22:31"]
[PlyCount "56"]
[TimeControl "1800+5"]

1. e4 e5 2. Nc3 Nf6 3. f4 d6 4. Nf3 exf4 5. d4 Nc6 6. Bxf4 d5 7. e5 Nh5 8.
Bg5 f6 9. exf6 Nxf6 10. Ne5 h6 11. Bxf6 Qxf6 12. Qh5+ g6 13. Nxg6 Qe6+ 14.
Be2 Kd7 15. Nxh8 Qf6 16. Bg4+ Kd8 17. Nf7+ Ke7 18. Nxd5+ Ke8 19. Nxf6+ Ke7
20. O-O Bxg4 21. Rae1+ Be6 22. Ng8+ Kd7 23. Nf6+ Ke7 24. Qc5+ Kxf7 25. Nd7+
Ke8 26. Rxf8+ Kxd7 27. Rxa8 Bxa2 28. Rae8 Bf7 { Black resigns } 1-0

[Event "ICC tourney 2356 (30 5)"]
[Site "Internet Chess Club"]
[Date "2021.01.30"]
[Round "1"]
[White "VictorH2010"]
[Black "Pawnmanicc"]
[Result "0-1"]
[ICCResult "White checkmated"]
[WhiteElo "924"]
[BlackElo "1281"]
[Opening "Sicilian"]
[ECO "B50"]
[NIC "SI.01"]
[Time "10:21:14"]
[PlyCount "96"]
[TimeControl "1800+5"]

1. e4 c5 2. Nf3 d6 3. Bc4 Nf6 4. O-O e6 5. Nc3 Be7 6. d3 O-O 7. Be3 Nc6 8.
Qd2 d5 9. exd5 exd5 10. Bb3 d4 11. Bxd4 cxd4 12. Ne2 a6 13. Rad1 b5 14. c3
dxc3 15. Qxc3 Bb7 16. d4 Bb4 17. Qd3 Bd6 18. Ng5 h6 19. Nf3 Re8 20. Bc2 Nb4
21. Qd2 Nxc2 22. Qxc2 Rc8 23. Qd3 Be4 24. Qe3 Bc2 25. Qd2 Bxd1 26. Qxd1 Qe7
27. Re1 Qd7 28. Nc3 Rxe1+ 29. Qxe1 Re8 30. Qd2 Ne4 31. Qd3 Nxc3 32. bxc3
Qe7 33. h3 Qe4 34. Qd1 Bf4 35. g3 Bd6 36. Kg2 g5 37. a3 f5 38. Qb3+ Kg7 39.
Qd1 g4 40. hxg4 fxg4 41. c4 gxf3+ 42. Kg1 Qe1+ 43. Qxe1 Rxe1+ 44. Kh2 bxc4
45. d5 c3 46. Kh3 c2 47. g4 c1=Q 48. Kh4 Rh1# { White checkmated } 0-1

[Event "ICC tourney 2356 (30 5)"]
[Site "Internet Chess Club"]
[Date "2021.01.30"]
[Round "1"]
[White "calebru"]
[Black "alexandermps77"]
[Result "1-0"]
[ICCResult "Black checkmated"]
[WhiteElo "774"]
[BlackElo "1120"]
[Opening "Sicilian: Kan variation"]
[ECO "B41"]
[NIC "SI.41"]
[Time "10:21:31"]
[PlyCount "67"]
[TimeControl "1800+5"]

1. e4 c5 2. Nf3 e6 3. d4 cxd4 4. Nxd4 a6 5. Bc4 b5 6. Be2 Bb7 7. Bd3 d6 8.
O-O Nf6 9. Bg5 Be7 10. Nd2 O-O 11. Re1 Nc6 12. N2f3 Qb6 13. c3 b4 14. Qb3
a5 15. a4 Nxd4 16. Nxd4 d5 17. e5 Bc5 18. exf6 Bxd4 19. cxd4 Qxd4 20. Be3
Qxf6 21. Qc2 g6 22. Qd2 e5 23. Bg5 Qc6 24. Qc1 Qe6 25. Bh6 Rfc8 26. Qe3 Qg4
27. Qxe5 f6 28. Qxf6 Rc7 29. Re7 Rxe7 30. Qxe7 Qd4 31. Qxb7 Re8 32. Bb5 Re6
33. Qc8+ Kf7 34. Qf8# { Black checkmated } 1-0

[Event "ICC tourney 2356 (30 5)"]
[Site "Internet Chess Club"]
[Date "2021.01.30"]
[Round "1"]
[White "rbnyc"]
[Black "YouWonByLuck"]
[Result "1-0"]
[ICCResult "Black checkmated"]
[WhiteElo "1183"]
[BlackElo "857"]
[Opening "Caro-Kann: classical, 6.h4"]
[ECO "B18"]
[NIC "CK.11"]
[Time "10:21:31"]
[PlyCount "85"]
[TimeControl "1800+5"]

1. e4 c6 2. d4 d5 3. Nc3 dxe4 4. Nxe4 Bf5 5. Ng3 Bg6 6. h4 h6 7. h5 Bh7 8.
Bd3 Bxd3 9. Qxd3 Nf6 10. Nf3 e6 11. Be3 Bd6 12. c3 Qc7 13. Ne2 Nbd7 14. Qd2
O-O-O 15. O-O-O g5 16. g3 g4 17. Nh4 Ne4 18. Qd3 f5 19. Nf4 Bxf4 20. Bxf4
Nxf2 21. Qe3 Qxf4 22. Qxf4 Nxh1 23. Rxh1 Nb6 24. Ng6 Nd5 25. Qe5 Rhg8 26.
Qxe6+ Kb8 27. Qxf5 Ne3 28. Qf4+ Ka8 29. Qxe3 Rde8 30. Qxh6 Kb8 31. Qf4+ Ka8
32. Qxg4 Kb8 33. h6 Re6 34. h7 Rgxg6 35. h8=Q+ Kc7 36. Rh7+ Kb6 37. Qd8+
Ka6 38. Qxe6 Rxe6 39. Qc8 Re1+ 40. Kd2 Rg1 41. Qxb7+ Ka5 42. Rh5+ Ka4 43.
Qb3# { Black checkmated } 1-0

[Event "ICC tourney 2356 (30 5)"]
[Site "Internet Chess Club"]
[Date "2021.01.30"]
[Round "1"]
[White "SAIsaiah2010"]
[Black "fluffyfloofers"]
[Result "0-1"]
[ICCResult "White checkmated"]
[WhiteElo "837"]
[BlackElo "1157"]
[Opening "Sicilian: Kan variation"]
[ECO "B41"]
[NIC "SI.41"]
[Time "10:20:46"]
[PlyCount "110"]
[TimeControl "1800+5"]

1. e4 c5 2. Nf3 e6 3. d4 cxd4 4. Nxd4 a6 5. Bf4 b5 6. Nf3 Bb7 7. Nbd2 d6 8.
g3 Nf6 9. e5 dxe5 10. Bxe5 Be7 11. Bg2 O-O 12. O-O Nbd7 13. Bd4 Qc7 14. c3
Rac8 15. Qc2 Rfd8 16. Ng5 h6 17. Bxf6 Nxf6 18. Ngf3 Bc5 19. b4 Bxb4 20. Nb1
Bxc3 21. Nxc3 Qxc3 22. Qe2 Rd3 23. Ne5 Bxg2 24. Kxg2 Rd5 25. Nf3 Qc6 26.
Rfd1 Rxd1 27. Rxd1 Qc7 28. Ne5 Rd8 29. Rxd8+ Qxd8 30. Nc6 Qd5+ 31. Qf3 Qxa2
32. Ne7+ Kf8 33. Nc8 Qd5 34. Qxd5 Nxd5 35. Nd6 Ke7 36. Ne4 b4 37. Nc5 a5
38. Na4 b3 39. Kf3 Kd6 40. Ke2 Kc6 41. Kd3 Kb5 42. Nb2 a4 43. Nc4 Kb4 44.
Nb2 a3 45. Nc4 a2 46. f4 a1=Q 47. Nd6 Qc3+ 48. Ke2 b2 49. Ne4 Qe3+ 50. Kf1
b1=Q+ 51. Kg2 Qexe4+ 52. Kh3 Qf1+ 53. Kh4 Qfh1 54. h3 Nxf4 55. g4 Qxh3# {
White checkmated } 0-1

[Event "ICC tourney 2356 (30 5)"]
[Site "Internet Chess Club"]
[Date "2021.01.30"]
[Round "1"]
[White "BryBro"]
[Black "EthanVSA"]
[Result "1-0"]
[ICCResult "Black resigns"]
[WhiteElo "1211"]
[BlackElo "872"]
[Opening "Philidor's defense"]
[ECO "C41"]
[NIC "KP.10"]
[Time "10:20:44"]
[PlyCount "157"]
[TimeControl "1800+5"]

1. e4 e5 2. Nf3 d6 3. Bc4 h6 4. d3 Be7 5. Nc3 Nf6 6. Be3 O-O 7. h3 Be6 8.
Bb3 Nc6 9. O-O d5 10. exd5 Nxd5 11. Bxd5 Bxd5 12. Nxd5 Qxd5 13. Re1 Bf6 14.
Qd2 Rad8 15. Qe2 Qe6 16. Bd2 Rfe8 17. Bc3 e4 18. dxe4 Bxc3 19. bxc3 f5 20.
e5 Rd7 21. a3 Rde7 22. Rab1 b6 23. Qb5 Qd7 24. Qc4+ Kh8 25. Rb5 a6 26. Rd5
Qe6 27. Qd3 Qf7 28. Nh4 Rf8 29. e6 Rxe6 30. Rxe6 Qxe6 31. Rxf5 Rxf5 32.
Nxf5 g6 33. Nxh6 Kg7 34. Ng4 a5 35. Ne3 Ne5 36. Qd5 Qf6 37. Qd4 c5 38. Qe4
Nf7 39. Nd5 Qd6 40. Ne3 Qf6 41. Qd3 Ng5 42. Qd7+ Kh8 43. Nd5 Qe6 44. Qxe6
Nxe6 45. Nxb6 Kg7 46. Kh2 Kf6 47. Kg3 Kg5 48. Nd7 Kf5 49. Kf3 g5 50. g4+
Kg6 51. Ne5+ Kf6 52. Nc4 Nc7 53. Nxa5 Nb5 54. Nb7 c4 55. Na5 Nxa3 56. Ke4
Ke6 57. Kd4 Nxc2+ 58. Kxc4 Ne1 59. Kd4 Nf3+ 60. Ke4 Ng1 61. f4 Nxh3 62. f5+
Kf6 63. Kf3 Nf4 64. c4 Ke5 65. c5 Nd3 66. c6 Kd6 67. f6 Ne5+ 68. Ke4 Nxg4
69. Kf5 Ne3+ 70. Kxg5 Nd5 71. f7 Ke7 72. Kg6 Kf8 73. Nb7 Nf4+ 74. Kf6 Nh5+
75. Ke6 Nf4+ 76. Kd7 Kxf7 77. c7 Ne6 78. c8=Q Nf8+ 79. Kd6 { Black resigns
} 1-0

[Event "ICC tourney 2356 (30 5)"]
[Site "Internet Chess Club"]
[Date "2021.01.30"]
[Round "1"]
[White "SAHYOliver"]
[Black "SAWBStevie"]
[Result "1-0"]
[ICCResult "Black checkmated"]
[WhiteElo "1249"]
[BlackElo "908"]
[Opening "Caro-Kann: advance variation"]
[ECO "B12"]
[NIC "CK.04"]
[Time "10:20:59"]
[PlyCount "159"]
[TimeControl "1800+5"]

1. e4 c6 2. d4 d5 3. e5 Bf5 4. Nf3 Nd7 5. Be2 e6 6. O-O Be7 7. h3 f6 8. Be3
Qc7 9. exf6 Ngxf6 10. Nbd2 O-O 11. Nh4 Be4 12. Nhf3 Bxf3 13. Nxf3 Ne4 14.
Bd3 Rf7 15. c3 Raf8 16. Qc2 Nef6 17. Bg5 h6 18. Bg6 Nh7 19. Bxf7+ Rxf7 20.
Bxe7 Rxe7 21. Rfe1 c5 22. dxc5 Nxc5 23. Nd4 Nf6 24. Rac1 e5 25. Nf5 Re8 26.
b4 Nce4 27. c4 Qd7 28. cxd5 Qxf5 29. f3 Nd6 30. Qc7 Nf7 31. Qxb7 e4 32.
fxe4 Rxe4 33. Qb8+ Kh7 34. Rf1 Qxd5 35. Qxa7 Re2 36. Rf2 Rxf2 37. Qxf2 Ne4
38. Qc2 Ng5 39. Rd1 Qb5 40. h4 Qb6+ 41. Kh2 Qb8+ 42. Kh1 Kh8 43. hxg5 Nxg5
44. Qd2 Ne6 45. Re1 Nf4 46. Qe3 Kh7 47. Qe4+ Ng6 48. a4 Qg3 49. Qe3 Qh4+
50. Kg1 Qxb4 51. Qe4 Qc5+ 52. Qe3 Qc2 53. a5 Nh4 54. Qe4+ Qxe4 55. Rxe4 Nf5
56. a6 Nd6 57. Re6 Nb5 58. Rb6 Na7 59. Rb7 Nc6 60. a7 Nxa7 61. Rxa7 h5 62.
Ra4 g5 63. g4 h4 64. Ra6 h3 65. Kh2 Kg7 66. Kxh3 Kf7 67. Kg3 Ke7 68. Kf3
Kd7 69. Ke4 Kc7 70. Kf5 Kb7 71. Rf6 Kc7 72. Kxg5 Kd7 73. Kh6 Ke7 74. g5 Kd7
75. g6 Ke7 76. Kg5 Ke8 77. Rf7 Kd8 78. g7 Ke8 79. Kf6 Kd8 80. g8=R# { Black
checkmated } 1-0

[Event "ICC tourney 2356 (30 5)"]
[Site "Internet Chess Club"]
[Date "2021.01.30"]
[Round "1"]
[White "Patrickmps33"]
[Black "ItamarR"]
[Result "0-1"]
[ICCResult "White checkmated"]
[WhiteElo "557"]
[BlackElo "1016"]
[Opening "French defense"]
[ECO "C00"]
[NIC "FR.01"]
[Time "10:21:31"]
[PlyCount "86"]
[TimeControl "1800+5"]

1. e4 e6 2. Nf3 d5 3. exd5 exd5 4. d4 Nf6 5. Nc3 Be6 6. Bf4 c5 7. dxc5 Bxc5
8. Bb5+ Nc6 9. Bg5 a6 10. Bxf6 Qxf6 11. Bxc6+ bxc6 12. O-O O-O 13. Qd2 Qd8
14. Ng5 h6 15. Nf3 Qb6 16. Ne5 Bd6 17. Nd3 c5 18. a3 c4 19. Nc1 Qxb2 20.
Rb1 Qxa3 21. N1e2 Qc5 22. Nd4 Qc7 23. Nxe6 Bxh2+ 24. Kh1 fxe6 25. Rbe1 Bf4
26. Qe2 Rf6 27. g3 Bd6 28. Nd1 d4 29. Nb2 c3 30. Nc4 Rc8 31. Nxd6 Qxd6 32.
f4 Rg6 33. g4 h5 34. gxh5 Rh6 35. f5 Qd5+ 36. Kg1 exf5 37. Rf2 Rcc6 38.
Qe8+ Kh7 39. Rg2 Rce6 40. Qf7 Rxe1+ 41. Kh2 Qxf7 42. Rf2 Qxh5+ 43. Kg2 Qg4#
{ White checkmated } 0-1

[Event "ICC tourney 2356 (30 5)"]
[Site "Internet Chess Club"]
[Date "2021.01.30"]
[Round "1"]
[White "Anushkaa"]
[Black "AdrianJSPS33"]
[Result "1-0"]
[ICCResult "Black checkmated"]
[WhiteElo "1281"]
[BlackElo "925"]
[Opening "Giuoco Pianissimo"]
[ECO "C55"]
[NIC "IG.01"]
[Time "10:20:40"]
[PlyCount "89"]
[TimeControl "1800+5"]

1. e4 e5 2. Nf3 Nc6 3. Bc4 Nf6 4. d3 Bc5 5. O-O h6 6. c3 d5 7. exd5 Nxd5 8.
Re1 Qe7 9. Bxd5 Qd6 10. Bxc6+ Qxc6 11. Nxe5 Qa6 12. Ng6+ Be6 13. Nxh8 O-O-O
14. Nxf7 Bxf7 15. d4 Bd6 16. a3 Qc4 17. Qg4+ Kb8 18. Nd2 Qd5 19. Qf3 Qxf3
20. Nxf3 a6 21. Ne5 Bd5 22. Bd2 b6 23. Rac1 Bb7 24. Nf7 Rf8 25. Nxd6 cxd6
26. g3 g5 27. Re6 Rh8 28. Rxd6 Kc7 29. Re6 Kd7 30. Rxb6 Kc7 31. Re6 Rh7 32.
Rce1 Kb8 33. Re7 Rxe7 34. Rxe7 Ka7 35. Be3 Ka8 36. c4 a5 37. d5 Kb8 38. d6
Kc8 39. Bb6 Bc6 40. Rc7+ Kb8 41. Rxc6 Kb7 42. d7 Kxc6 43. d8=Q a4 44. Kf1
h5 45. Qc7# { Black checkmated } 1-0

[Event "ICC tourney 2356 (30 5)"]
[Site "Internet Chess Club"]
[Date "2021.01.30"]
[Round "1"]
[White "Leo2010Spurs"]
[Black "tisernhagen1"]
[Result "1/2-1/2"]
[ICCResult "Black stalemated"]
[WhiteElo "868"]
[BlackElo "1193"]
[Opening "Queen's pawn game"]
[ECO "D02"]
[NIC "QP.08"]
[Time "10:21:31"]
[PlyCount "143"]
[TimeControl "1800+5"]

1. d4 d5 2. Nf3 Bf5 3. e3 Nf6 4. Bd3 Bg6 5. O-O e6 6. Bxg6 hxg6 7. Nbd2 Bd6
8. b3 O-O 9. Bb2 c6 10. Re1 Nbd7 11. e4 dxe4 12. Nxe4 Nxe4 13. Rxe4 Qc7 14.
Rh4 Nf6 15. Qd2 Nh5 16. g3 Be7 17. Rh3 Rad8 18. Ng5 c5 19. Nf3 Bf6 20. Qd3
Qc6 21. Rd1 Qc7 22. Qe4 Rfe8 23. Qe2 Re7 24. dxc5 Rxd1+ 25. Qxd1 Bxb2 26.
Qd3 Qxc5 27. Qd8+ Re8 28. Qxe8+ Qf8 29. Qxf8+ Kxf8 30. g4 Nf4 31. Rh8+ Ke7
32. Ra8 b6 33. Rxa7+ Kf6 34. g5+ Kf5 35. Rxf7+ Kg4 36. Nd2 Bd4 37. a4 Bc3
38. Ne4 Bd4 39. c4 Kf3 40. Nd2+ Kg4 41. b4 Bc3 42. f3+ Kxg5 43. Ne4+ Kh5
44. Nxc3 Nh3+ 45. Kg2 Ng5 46. Ne4 Nxf7 47. a5 bxa5 48. bxa5 Nd8 49. a6 Nc6
50. Nd6 g5 51. Nc8 g4 52. fxg4+ Kxg4 53. a7 Nxa7 54. Nxa7 e5 55. Nc6 e4 56.
Nd4 Kf4 57. c5 Ke5 58. Kg3 Kd5 59. Kf4 Kxc5 60. Kxe4 Kd6 61. Kf5 Ke7 62. h4
Kf8 63. Ne6+ Kf7 64. Ng5+ Kg8 65. h5 Kh8 66. Kg6 Kg8 67. Ne6 Kh8 68. Nxg7
Kg8 69. h6 Kh8 70. Ne6 Kg8 71. Nf8 Kh8 72. Kf7 { Black stalemated } 1/2-1/2

[Event "ICC tourney 2356 (30 5)"]
[Site "Internet Chess Club"]
[Date "2021.01.30"]
[Round "1"]
[White "Skullcrusher"]
[Black "cupicol600"]
[Result "1-0"]
[ICCResult "Black checkmated"]
[WhiteElo "1156"]
[BlackElo "826"]
[Opening "Scotch game"]
[ECO "C45"]
[NIC "SO.04"]
[Time "10:20:58"]
[PlyCount "87"]
[TimeControl "1800+5"]

1. e4 e5 2. Nf3 Nc6 3. d4 exd4 4. Nxd4 Nxd4 5. Qxd4 d6 6. Nc3 Be7 7. Qxg7
Bf6 8. Qg3 Ne7 9. Bh6 Rg8 10. Qf3 Nc6 11. Bb5 Bd7 12. O-O-O Qe7 13. Nd5 Qd8
14. Qxf6 Ne5 15. Bxd7+ Qxd7 16. Qxe5+ dxe5 17. Nf6+ Ke7 18. Nxd7 Rg6 19.
Be3 Rd8 20. Nxe5 Rxd1+ 21. Rxd1 Rxg2 22. Nf3 Rg4 23. Bc5+ Ke6 24. Bxa7 Rf4
25. Ng5+ Ke5 26. Nxh7 Rxe4 27. Bb8 Rc4 28. Re1+ Kd6 29. Rd1+ Kc6 30. Nf6
Rf4 31. Nd5 Rxf2 32. Bxc7 Rf5 33. Ne7+ Kxc7 34. Nxf5 f6 35. h4 b5 36. h5 b4
37. h6 b3 38. axb3 Kc6 39. h7 Kc7 40. h8=Q Kc6 41. Rd6+ Kc7 42. Qd8+ Kb7
43. Rb6+ Ka7 44. Qb8# { Black checkmated } 1-0

[Event "ICC tourney 2356 (30 5)"]
[Site "Internet Chess Club"]
[Date "2021.01.30"]
[Round "1"]
[White "Aidenmaps"]
[Black "Gaku398973"]
[Result "1/2-1/2"]
[ICCResult "Game drawn because neither player has mating material"]
[WhiteElo "985"]
[BlackElo "1310"]
[Opening "Queen's gambit declined"]
[ECO "D30"]
[NIC "QP.08"]
[Time "10:21:31"]
[PlyCount "127"]
[TimeControl "1800+5"]

1. d4 d5 2. c4 e6 3. cxd5 exd5 4. a3 Nf6 5. Qc2 Nc6 6. Nf3 Bd6 7. e3 O-O 8.
Bd3 Bg4 9. Ng5 h6 10. h3 Bd7 11. Nf3 Re8 12. Nc3 Qe7 13. Qb3 Qe6 14. Qxb7
Reb8 15. Qa6 Rb6 16. Qa4 Nb4 17. Qd1 Nxd3+ 18. Qxd3 Ne4 19. Nxe4 Qxe4 20.
Qxe4 dxe4 21. Nd2 Bc6 22. b4 Bd5 23. Bb2 a5 24. O-O axb4 25. axb4 Rxa1 26.
Rxa1 Bxb4 27. Nf1 Kh7 28. Ba3 Bxa3 29. Rxa3 Rb3 30. Rxb3 Bxb3 31. Ng3 Bd5
32. Nf5 c6 33. Ne7 g6 34. Kh2 Kg7 35. Kg3 Kf8 36. Nxd5 cxd5 37. Kf4 f6 38.
g4 Kf7 39. h4 h5 40. g5 fxg5+ 41. Kxg5 Kg7 42. Kf4 Kf6 43. f3 exf3 44. Kxf3
Kf5 45. Kf2 Kg4 46. e4 dxe4 47. d5 Kf5 48. d6 Ke6 49. d7 Kxd7 50. Ke3 Ke7
51. Kxe4 Kf6 52. Kf4 Ke6 53. Kg5 Kf7 54. Kf4 Ke6 55. Kg5 Kf7 56. Kf4 Kf6
57. Kg3 Kf5 58. Kf3 Ke5 59. Ke3 Kf5 60. Kf3 g5 61. hxg5 h4 62. g6 Kxg6 63.
Kg4 h3 64. Kxh3 { Game drawn because neither player has mating material }
1/2-1/2

[Event "ICC tourney 2356 (30 5)"]
[Site "Internet Chess Club"]
[Date "2021.01.30"]
[Round "1"]
[White "felix2021"]
[Black "SASofia"]
[Result "1-0"]
[ICCResult "Black checkmated"]
[WhiteElo "978"]
[BlackElo "1302"]
[Opening "Three knights game"]
[ECO "C46"]
[NIC "KP.06"]
[Time "10:38:49"]
[PlyCount "143"]
[TimeControl "1800+5"]

1. e4 e5 2. Nf3 Nc6 3. Nc3 Bc5 4. Nxe5 Bxf2+ 5. Kxf2 Nxe5 6. d4 Ng6 7. Kg1
N8e7 8. Bc4 O-O 9. Bg5 h6 10. Bxe7 Qxe7 11. Qh5 Qb4 12. Qb5 Qd6 13. Rd1 c6
14. Qb3 b5 15. Nxb5 cxb5 16. Qxb5 Ba6 17. Qxa6 Qxa6 18. Bxa6 Rab8 19. b3
Rb6 20. Bc4 Rc6 21. d5 Rf6 22. Rf1 Rxf1+ 23. Kxf1 Nf4 24. g3 Nh5 25. Kg2
Nf6 26. e5 Ng4 27. Re1 Re8 28. e6 fxe6 29. dxe6 dxe6 30. Rxe6 Kf8 31. Ra6
Ne3+ 32. Kf3 Nxc4 33. bxc4 Ra8 34. Ke4 Ke7 35. Kd5 Kd7 36. c5 Kc7 37. Rg6
Rd8+ 38. Kc4 Rg8 39. Kb5 Kb7 40. c6+ Ka8 41. Ka6 Kb8 42. c4 Rc8 43. a4 Rc7
44. Rd6 Kc8 45. c5 h5 46. Re6 Kd8 47. Rd6+ Ke7 48. Rd7+ Rxd7 49. cxd7 Kxd7
50. Kxa7 Kc6 51. a5 Kxc5 52. a6 Kc6 53. Kb8 Kb6 54. a7 Kc5 55. a8=Q Kd4 56.
Qb7 Ke3 57. Qxg7 Kf2 58. Qg5 Kg2 59. Qxh5 Kf2 60. Kc7 Ke3 61. Qf5 Kd4 62.
Qe6 Kc5 63. Qd6+ Kc4 64. Qe5 Kd3 65. h4 Kc4 66. Qd6 Kc3 67. h5 Kc4 68. h6
Kb3 69. h7 Ka2 70. h8=R Kb3 71. Rb8+ Ka2 72. Qa6# { Black checkmated } 1-0